Map: [ESL] Solaris

Players

GuMiho

  • Race: Terran Terran
  • Spawn Location: 1:00

ByuN - Winner!

  • Race: Terran Terran
  • Spawn Location: 7:00

Event: IEM Katowice 2024

VOD

https://youtu.be/I0GMN80JT5M?t=4056

Description

Time

  • Played on: Feb. 10, 2024, 2:34 p.m.
  • Length: 16:37

All games in this series

Show
View Real Time Build Order
Export as new Build Order

GuMiho Terran 

Build Orders: Cyclone Opening 

Get SALT Encoding   

  12  0:00  SCV  
  13  0:12  SCV  
  14  0:17  Supply Depot  
  14  0:24  SCV  
  14  0:27  Refinery  
  15  0:38  SCV  
  16  0:43  Barracks  
  16  0:50  SCV  
  17  1:02  SCV  
  18  1:14  SCV  
  19  1:30  Orbital Command, Marine  
  19  1:31  Factory  
  20  1:39  Supply Depot  
  20  1:48  Reaper  
  21  1:56  SCV  
  22  2:08  SCV  
  22  2:11  Command Center  
  22  2:14  Hellion  
  25  2:19  Refinery  
  25  2:21  SCV  
  26  2:24  Barracks Reactor  
  26  2:30  Supply Depot  
  26  2:33  SCV  
  27  2:39  Cyclone  
  29  2:45  SCV  
  30  2:52  Starport  
  30  2:58  SCV  
  31  3:10  SCV  
  32  3:17  Cyclone x2  
  36  3:20  Refinery  
  36  3:23  SCV  
  36  3:24  Orbital Command  
  37  3:29  Medivac  
  37  3:33  Barracks Tech Lab  
  39  3:37  SCV  
  40  3:47  Supply Depot  
  40  3:50  SCV  
  40  3:51  SCV  
  43  4:02  SCV  
  44  4:03  SCV  
  44  4:06  Raven  
  45  4:18  SCV x2  
  45  4:20  Cyclone  
  45  4:23  Command Center  
  49  4:28  Cyclone  
  51  4:32  SCV  
  51  4:33  SCV  
  53  4:40  Raven, Interference Matrix, Barracks Tech Lab, Supply Depot  
  53  4:44  SCV  
  53  4:45  SCV  
  57  4:47  Refinery  
  57  4:53  Cyclone  
  57  4:57  SCV x2  
  61  5:01  Cyclone  
  63  5:09  Marine, SCV x2  
  63  5:10  Stimpack  
  66  5:20  Raven  
  66  5:21  SCV x2  
  70  5:26  Supply Depot  
  70  5:29  Barracks x2  
  70  5:35  Cyclone x2, SCV  
  75  5:38  Orbital Command  
  76  5:42  SCV  
  76  5:46  Engineering Bay  
  76  5:47  SCV  
  76  5:49  Engineering Bay  
  77  5:54  Marine  
  77  5:55  SCV  
  75  5:59  SCV  
  75  6:00  Bunker, Raven  
  78  6:04  SCV  
  78  6:07  SCV  
  81  6:11  SCV  
  81  6:12  Terran Infantry Weapons Level 1  
  81  6:14  Terran Infantry Armor Level 1  
  81  6:16  SCV  
  81  6:18  Barracks Reactor  
  82  6:26  SCV x2  
  82  6:29  Marine x2  
  82  6:30  Marine  
  82  6:31  Orbital Command, Barracks  
  82  6:32  Barracks  
  87  6:38  SCV x2  
  89  6:40  Missile Turret  
  89  6:41  Supply Depot  
  89  6:43  Siege Tank, Starport Reactor  
  92  6:48  Marine  
  92  6:49  Armory  
  92  6:50  Supply Depot  
  93  7:01  Supply Depot  
  93  7:02  Marine, Supply Depot, SCV x2  
  93  7:03  SCV  
  97  7:13  Marine x2  
  97  7:14  Marine x2  
  97  7:15  SCV x3  
  98  7:18  Siege Tank, Supply Depot  
  98  7:22  Barracks Reactor x2, Combat Shield  
  101  7:25  Medivac  
  101  7:26  Medivac  
  101  7:27  SCV x3  
  101  7:28  Marine  
  109  7:31  Marine x2  
  109  7:35  Marine x2  
  113  7:39  SCV x3  
  116  7:46  Marine  
  116  7:49  Marine x2  
  116  7:51  Siege Tank, SCV x3  
  123  7:52  Marine  
  123  7:53  Marine  
  123  7:58  Medivac x2  
  126  8:00  Marine x2  
  126  8:03  Marine, SCV x2  
  126  8:05  Marine x2  
  131  8:07  Marine  
  133  8:17  Supply Depot  
  133  8:19  Marine  
  133  8:20  Marine  
  133  8:21  Marine  
  133  8:22  Missile Turret  
  129  8:29  SCV x3  
  132  8:34  Supply Depot x2  
  132  8:35  Supply Depot  
  132  8:36  Supply Depot  
  132  8:37  Missile Turret  
  132  8:38  Engineering Bay  
  132  8:41  Marine x3, SCV x3  
  135  8:42  Marine x3  
  135  8:43  Marine  
  142  8:49  Marine x2  
  142  8:53  SCV x2  
  142  8:54  Terran Infantry Weapons Level 2, SCV  
  145  8:59  Marine x3  
  145  9:00  Marine  
  147  9:05  SCV x2  
  147  9:08  Marine  
  147  9:09  Marine x4  
  152  9:10  Siege Tank  
  152  9:15  SCV  
  152  9:17  SCV x2, Marine x2  
  156  9:21  Refinery  
  156  9:22  Command Center, Refinery  
  160  9:26  Terran Infantry Armor Level 2, Missile Turret  
  160  9:30  Marine x3  
  163  9:31  Marine  
  163  9:32  Marine  
  163  9:36  Supply Depot  
  165  9:42  Siege Tank  
  165  9:44  Sensor Tower  
  168  9:46  Marine x2  
  168  9:48  Marine x2  
  168  9:49  Marine x2  
  168  9:51  Marine x2  
  176  9:56  Marine  
  176  9:58  SCV  
  176  9:59  SCV x2  
  180  10:00  Factory  
  180  10:04  Marine x2  
  180  10:06  Marine  
  183  10:08  Terran Vehicle Weapons Level 1  
  183  10:09  Marine x3  
  183  10:10  Marine x2  
  188  10:17  Marine  
  180  10:22  Marine x2  
  180  10:24  Marine  
  180  10:27  Marine  
  173  10:36  Marine x2  
  173  10:38  Marine x3  
  156  10:44  Marine x3  
  156  10:45  Marine  
  156  10:49  Siege Tank  
  131  10:50  Medivac x2  
  131  10:54  Factory Tech Lab, Marine x2  
  131  10:56  Marine x3  
  140  11:01  Barracks  
  140  11:02  SCV x3, Marine x4  
  147  11:05  Factory Tech Lab  
  147  11:06  Barracks  
  147  11:07  Barracks  
  129  11:12  Marine x2  
  129  11:14  Terran Infantry Weapons Level 3  
  120  11:20  Marine x3  
  120  11:21  Marine x4  
  120  11:23  Medivac x2  
  120  11:24  Siege Tank  
  120  11:29  Siege Tank, Marine  
  120  11:30  Marine  
  125  11:37  Marine x2  
  125  11:38  Marine  
  127  11:43  Marine x2  
  127  11:44  Marine  
  130  11:48  Planetary Fortress  
  130  11:53  Viking x2, Marine x2  
  130  11:54  Marine x4  
  137  11:55  Marine  
  137  11:57  Marine  
  142  12:02  Siege Tank  
  142  12:05  Terran Infantry Armor Level 3  
  142  12:07  Marine  
  142  12:08  Marine x2  
  146  12:09  Marine  
  146  12:11  Marine x2  
  148  12:23  Viking x2  
  148  12:27  Marine x3  
  148  12:29  Marine x3  
  158  12:31  Siege Tank  
  158  12:33  Marine x3  
  158  12:34  Siege Tank  
  158  12:35  Marine x2  
  158  12:36  Marine  
  170  12:45  Marine  
  170  12:48  Marine x3  
  170  12:49  Marine x2  
  170  12:50  Marine  
  170  12:51  Marine x2  
  168  12:52  Marine  
  168  12:53  Marine  
  168  12:54  Marine  
  168  12:55  Liberator  
  173  13:02  Marine  
  172  13:06  Marine x3  
  172  13:07  Marine x2  
  172  13:08  Supply Depot, Marine x2  
  172  13:09  Marine  
  172  13:10  Marine x2  
  172  13:11  Siege Tank  
  172  13:12  Marine  
  181  13:21  Marine  
  181  13:24  Marine  
  178  13:28  Marine x4  
  178  13:30  Siege Tank  
  178  13:33  Marine x3  
  187  13:35  Marine x3  
  188  13:41  Marine  
  188  13:42  Marine  
  188  13:46  Marine  
  183  13:58  Orbital Command  
  183  14:00  Siege Tank  
  186  14:25  Supply Depot  
  186  14:27  Siege Tank, Command Center, Supply Depot  
  186  14:30  Medivac  
  187  14:40  Sensor Tower  
  187  14:46  Medivac  
  187  14:47  Siege Tank  
  187  14:49  Barracks Reactor  
  187  14:50  Barracks Reactor, Marine x4  
  187  14:51  Marine x2  
  196  14:54  Marine x2  
  196  14:56  Marine  
  199  15:01  Barracks Reactor  
  191  15:08  Marine x4  
  191  15:09  Marine x2  
  191  15:11  Marine  
  191  15:12  Marine  
  191  15:13  Marine  
  168  15:26  Siege Tank x2, Marine x4  
  168  15:27  Marine x2  
  168  15:28  Marine x4  
  173  15:32  Orbital Command  
  153  15:38  Marine x5  
  139  15:44  Marine x2  
  141  15:50  Medivac  
  141  15:53  Marine x3  
  146  15:58  Siege Tank x2  
  142  16:14  Marine x2  
  142  16:17  Marine x2  
  134  16:19  Marine x3  
Show
View Real Time Build Order
Export as new Build Order

ByuN Terran - Winner!

Build Orders: Gas First Reaper Expand 

Get SALT Encoding   

  12  0:00  SCV  
  13  0:12  SCV  
  14  0:16  Supply Depot  
  14  0:24  SCV  
  14  0:27  Refinery  
  15  0:38  SCV  
  16  0:44  Barracks  
  16  0:50  SCV  
  17  1:02  SCV  
  18  1:14  SCV  
  19  1:30  Reaper  
  19  1:31  Orbital Command  
  20  1:43  Command Center  
  20  1:52  Factory  
  20  1:56  SCV  
  21  2:03  Supply Depot  
  21  2:05  Marine  
  22  2:09  SCV  
  22  2:13  Refinery  
  23  2:24  Marine  
  23  2:25  SCV  
  25  2:35  Hellion  
  25  2:36  Starport  
  27  2:37  SCV  
  27  2:43  Barracks Reactor  
  28  2:49  SCV  
  29  2:54  Orbital Command  
  29  3:03  SCV  
  29  3:05  Refinery  
  30  3:07  Cyclone  
  30  3:12  Medivac  
  34  3:20  SCV x2  
  34  3:24  Supply Depot  
  36  3:31  Barracks Tech Lab  
  36  3:32  SCV  
  36  3:33  SCV  
  38  3:44  SCV  
  38  3:45  SCV  
  38  3:47  Cyclone x2  
  44  3:56  SCV  
  44  3:58  Raven, Interference Matrix, Supply Depot  
  47  4:03  SCV  
  47  4:09  SCV  
  49  4:16  SCV  
  49  4:19  Cyclone x2  
  49  4:21  SCV  
  49  4:23  Supply Depot  
  54  4:28  SCV  
  55  4:33  SCV  
  55  4:34  Raven  
  58  4:40  SCV  
  59  4:47  Supply Depot, SCV  
  59  4:51  Command Center  
  59  4:52  SCV  
  63  4:57  Barracks Tech Lab  
  63  4:59  SCV  
  66  5:04  SCV  
  63  5:09  Raven  
  63  5:12  Barracks  
  63  5:13  Factory Reactor  
  65  5:14  Barracks, SCV  
  65  5:16  Engineering Bay  
  65  5:17  SCV  
  65  5:19  Engineering Bay  
  64  5:25  Stimpack  
  64  5:26  SCV  
  65  5:29  SCV  
  66  5:39  SCV  
  66  5:42  Supply Depot, SCV  
  68  5:47  Terran Infantry Weapons Level 1, Terran Infantry Armor Level 1  
  66  5:51  Starport Reactor, SCV  
  66  5:54  SCV  
  66  5:58  Marine  
  66  6:03  SCV  
  68  6:05  Orbital Command  
  68  6:06  SCV  
  68  6:09  Barracks  
  68  6:10  Barracks, Refinery  
  69  6:13  Marine x3  
  69  6:14  Siege Tank, Marine  
  69  6:15  SCV  
  69  6:18  SCV  
  78  6:24  Supply Depot  
  72  6:27  Bunker, SCV  
  72  6:28  Marine  
  72  6:29  Orbital Command  
  72  6:30  SCV  
  72  6:31  Marine x4  
  79  6:32  Medivac  
  79  6:38  Medivac  
  79  6:39  SCV  
  84  6:42  SCV  
  84  6:43  Armory  
  84  6:46  Marine  
  86  6:51  Marine x4  
  90  6:54  Siege Tank  
  90  7:00  Supply Depot  
  93  7:04  Marine  
  93  7:06  SCV x2  
  94  7:09  Marine x3  
  94  7:11  SCV  
  94  7:14  Marine  
  99  7:16  Barracks Reactor x2  
  99  7:17  Barracks Reactor  
  99  7:18  SCV  
  99  7:20  SCV  
  99  7:22  Marine  
  100  7:26  Marine  
  100  7:27  Marine x2  
  107  7:30  Siege Tank  
  107  7:32  Medivac, Marine  
  107  7:34  Supply Depot  
  107  7:36  Supply Depot  
  109  7:55  Marine x6  
  109  7:56  SCV x2  
  117  7:59  Orbital Command  
  117  8:00  Terran Infantry Weapons Level 2, Terran Infantry Armor Level 2  
  117  8:03  Supply Depot  
  117  8:05  Marine, Supply Depot  
  117  8:06  Marine x2  
  117  8:08  SCV x2  
  117  8:12  Starport Reactor, Factory Tech Lab  
  120  8:13  Marine x2  
  117  8:20  SCV x2  
  117  8:23  Marine x3  
  122  8:27  SCV  
  122  8:31  Barracks Tech Lab, Marine x3  
  122  8:32  SCV x2  
  128  8:39  Missile Turret, SCV  
  129  8:44  SCV x2, Marine x4  
  129  8:45  Marine  
  136  8:48  Marine  
  136  8:49  Marine  
  136  8:50  Supply Depot  
  136  8:53  Marine  
  136  8:54  Marine  
  137  8:56  SCV  
  137  8:57  Combat Shield  
  137  8:58  Siege Tank  
  137  9:01  Marine x2  
  137  9:02  Marine x2  
  140  9:06  Marine x2  
  140  9:07  Marine  
  141  9:11  Marine  
  141  9:12  Sensor Tower, Marine  
  136  9:18  Medivac x2  
  136  9:19  Marine x2  
  136  9:20  Marine x2  
  136  9:22  Command Center  
  144  9:24  Marine  
  144  9:26  Missile Turret  
  144  9:28  SCV x3  
  144  9:30  Marine x3, Refinery x2  
  144  9:31  Marine  
  152  9:32  Siege Tank  
  155  9:40  SCV  
  155  9:41  SCV  
  157  9:48  Terran Vehicle Weapons Level 1  
  157  9:49  Supply Depot  
  157  9:53  Missile Turret  
  157  9:55  Supply Depot x3  
  157  10:05  Factory  
  157  10:10  Marine  
  157  10:11  Medivac, Marine x7  
  157  10:13  Marine  
  165  10:16  SCV x2, Medivac  
  165  10:17  SCV  
  162  10:28  SCV x2, Marine x4  
  158  10:29  Siege Tank, SCV, Marine  
  158  10:32  Marine  
  159  10:36  Marine x2  
  159  10:37  Marine  
  159  10:40  SCV  
  159  10:41  SCV  
  140  10:45  Marine  
  140  10:46  Marine x3  
  140  10:47  Marine  
  116  10:50  Medivac  
  116  10:52  Marine  
  116  10:55  Factory Tech Lab  
  117  10:59  Marine x2  
  117  11:00  Medivac  
  121  11:04  Marine  
  121  11:06  Barracks Reactor  
  121  11:09  Marine  
  121  11:10  Terran Infantry Armor Level 3, Marine x3  
  120  11:12  Marine  
  120  11:17  Marine x2  
  113  11:21  Siege Tank  
  113  11:22  Marine  
  109  11:27  Marine x2  
  109  11:28  Marine x2  
  109  11:30  Marine  
  114  11:34  Marine  
  114  11:36  Marine  
  114  11:39  Siege Tank  
  119  11:40  Marine  
  119  11:43  Marine  
  119  11:44  Marine  
  119  11:45  Liberator x2, Marine x4  
  130  11:47  Command Center, Marine  
  130  11:52  Marine  
  132  11:54  Marine  
  132  11:58  Marine  
  134  12:01  Marine x2  
  134  12:03  Marine x4  
  134  12:05  Marine  
  141  12:08  Siege Tank  
  141  12:10  Marine  
  141  12:12  Marine  
  146  12:15  Marine  
  146  12:19  Terran Infantry Weapons Level 3, Marine x2  
  149  12:28  Marine x6  
  149  12:29  Marine  
  155  12:33  Marine  
  157  12:37  Marine x2  
  157  12:42  Siege Tank  
  160  12:46  Marine x5  
  165  12:52  Supply Depot  
  165  12:58  Marine x5  
  165  13:03  Marine x2  
  165  13:04  Marine x3  
  175  13:06  Siege Tank  
  175  13:08  Orbital Command  
  175  13:09  SCV x2  
  180  13:13  SCV  
  180  13:16  Marine x5  
  180  13:17  Siege Tank  
  178  13:21  Marine x5  
  177  13:34  Marine x5  
  177  13:39  Marine x5  
  181  13:43  Medivac  
  181  13:44  Medivac  
  184  13:52  Marine x4  
  188  13:56  Sensor Tower  
  188  13:57  Supply Depot  
  188  14:12  Command Center  
  188  14:18  Medivac x2, Marine x2  
  188  14:19  Missile Turret  
  188  14:21  Missile Turret  
  188  14:22  Missile Turret  
  191  14:41  Supply Depot  
  191  14:53  Command Center x2  
  191  15:02  Siege Tank, Medivac  
  191  15:03  Medivac  
  195  15:08  Siege Tank, Marine  
  195  15:09  Marine x2  
  195  15:10  Marine  
  195  15:14  Marine  
  196  15:15  Marine  
  196  15:16  Marine  
  196  15:22  Marine  
  196  15:24  Marine  
  191  15:30  Marine  
  191  15:31  Marine  
  191  15:32  Medivac, Marine  
  191  15:33  Marine  
  191  15:35  Siege Tank  
  182  15:40  Siege Tank, Marine x2  
  175  15:48  Marine  
  175  15:49  Marine  
  177  15:50  Marine  
  177  15:51  Marine  
  177  15:52  Barracks  
  177  15:53  Barracks  
  177  15:54  Barracks  
  179  15:58  Marine x2  
  179  16:01  Viking  
  183  16:06  Marine  
  183  16:07  Marine x2  
  183  16:09  Marine  
  179  16:15  Marine x2  

Tags
 
Add a new tag
Caveats
  • Supply blocks, unpowered buildings, or Contaminate may cause inaccurate times.
  • Supply counts are checked every 10 seconds.